AoeStats
← joycebb96

Arabia

509864768Analyzed
2v2 RM · 2d ago on Sep 28, 2026· 59m 23s· 4 players
Game mode
Random Map
Map size
Medium (4 player)
Population
200
Speed
Normal
Resources
Standard
Victory
Conquest
Starting age
Dark Age
Ending age
Imperial Age
RankedLock teamsTeams togetherTeam positionsShared explorationLock speedFull tech treeHidden civsTurbo modeCheats
Victory
Defeat
🇹🇭 Goths · Thailand
1063
+16
🇹🇭 Spanish · Thailand
1055
+16
🇭🇰 Khmer · Hong Kong SAR China
1079
-16
🇭🇰 Goths · Hong Kong SAR China
1052
-16
Cody
9:08 Loom
11:55 Feudal Age
15:06 Double-Bit Axe
19:40 Stone Mining
21:54 Castle Age
19:48 Horse Collar
23:45 Wheelbarrow
24:27 Husbandry
25:44 Bloodlines
26:17 Forging
29:13 Bow Saw
31:47 Stone Shaft Mining
32:34 Padded Archer Armor
33:38 Heavy Plow
37:29 Gold Mining
42:39 Imperial Age
40:27 Hand Cart
42:46 Leather Archer Armor
43:46 Conscription
43:15 Onager
43:19 Elite Conquistador
44:34 Ring Archer Armor
44:49 Onager
Zozimbo
0:46 Loom
11:42 Feudal Age
14:26 Horse Collar
14:37 Gold Mining
14:35 Double-Bit Axe
19:57 Wheelbarrow
19:19 Stone Mining
22:50 Man-at-Arms
26:05 Castle Age
26:06 Pikeman
26:47 Squires
28:16 Hand Cart
29:31 Heavy Plow
29:45 Bow Saw
29:20 Long Swordsman
35:24 Scale Mail Armor
35:34 Forging
40:02 Imperial Age
38:45 Chain Mail Armor
39:05 Iron Casting
39:35 Anarchy
42:20 Perfusion
43:09 Crop Rotation
43:42 Two-Man Saw
43:21 Stone Shaft Mining
43:16 Elite Huskarl
43:41 Two-Handed Swordsman
joycebb96
9:29 Loom
11:15 Feudal Age
15:49 Castle Age
14:36 Double-Bit Axe
15:56 Man-at-Arms
17:27 Bow Saw
22:24 Scale Mail Armor
23:03 Forging
23:42 Chain Mail Armor
25:07 Horse Collar
26:35 Wheelbarrow
27:03 Pikeman
27:53 Anarchy
29:49 Gold Mining
30:41 Iron Casting
33:15 Stone Mining
33:49 Pikeman
34:30 Squires
34:47 Hand Cart
39:04 Imperial Age
37:23 Heavy Plow
39:40 Fletching
40:32 Perfusion
40:00 Halberdier
40:47 Bodkin Arrow
42:07 Blast Furnace
41:10 Murder Holes
43:38 Conscription
ROnaLD_G4
8:41 Feudal Age
9:18 Double-Bit Axe
10:27 Horse Collar
14:09 Bloodlines
20:06 Castle Age
18:14 Scale Barding Armor
19:26 Wheelbarrow
18:36 Loom
18:49 Gold Mining
19:18 Forging
20:36 Wheelbarrow
19:47 Loom
23:00 Chain Barding Armor
24:13 Iron Casting
24:54 Bow Saw
26:27 Hand Cart
25:58 Town Watch
27:54 Husbandry
28:02 Heavy Plow
28:42 Gold Shaft Mining
30:40 Stone Mining
31:54 Fervor
32:43 Ballistics
34:08 Stone Shaft Mining
39:14 Imperial Age
37:11 Town Patrol
40:10 Cavalier
41:01 Double Crossbow
42:46 Blast Furnace
42:21 Plate Barding Armor
43:05 Plate Barding Armor
42:20 Fletching
43:47 Chemistry
43:58 Devotion
44:50 Heavy Scorpion
46:10 Murder Holes
46:30 Siege Engineers
47:13 Bodkin Arrow
54:13 Caravan
Connection lost

Rejoining the realm…

Still unreachable

The connection could not be restored.

Session expired

The server has moved on; the page needs a fresh start.